Map: Ephemeron LE

Players

Dave - Winner!

  • Race: Terran Terran
  • League: Diamond
  • Spawn Location: 5:00

Osiris

  • Race: Terran Terran
  • League: Diamond
  • Spawn Location: 11:00

VOD

Have the link to the VOD?

Description

Time

  • Played on: Feb. 15, 2020, 4:59 p.m.
  • Length: 13:04
Show
View Real Time Build Order
Export as new Build Order

Dave Terran - Winner!

Build Orders:  

Get SALT Encoding   

  12  0:00  SCV  
  13  0:13  SCV  
  14  0:18  Supply Depot  
  14  0:25  SCV  
  14  0:27  Refinery  
  15  0:40  SCV  
  16  0:45  Barracks  
  16  0:52  SCV  
  16  0:55  Refinery  
  17  1:04  SCV  
  18  1:16  SCV  
  19  1:33  Factory, Orbital Command  
  19  1:39  Reaper  
  20  1:45  Supply Depot  
  20  1:59  SCV  
  21  2:11  Reaper  
  22  2:17  Hellion  
  22  2:19  SCV  
  25  2:30  Command Center  
  25  2:31  SCV  
  26  2:40  Hellion  
  26  2:43  SCV  
  29  2:45  Supply Depot, Reaper  
  30  2:55  SCV  
  30  2:57  Starport  
  31  3:01  Factory Tech Lab  
  31  3:08  SCV  
  32  3:18  Barracks Reactor  
  32  3:21  Cyclone  
  35  3:28  SCV  
  36  3:40  SCV  
  36  3:56  SCV  
  36  3:58  Orbital Command  
  37  4:03  Siege Tank  
  37  4:04  Starport Tech Lab  
  37  4:05  Marine x2  
  37  4:09  SCV  
  41  4:11  Refinery  
  41  4:23  Marine  
  38  4:26  SCV  
  38  4:27  SCV  
  40  4:31  Marine  
  40  4:32  Raven  
  43  4:39  SCV  
  43  4:41  Marine  
  43  4:42  SCV  
  43  4:44  Siege Tank  
  49  4:50  Marine  
  49  4:51  SCV  
  51  4:54  SCV, Supply Depot  
  51  4:58  Marine  
  53  5:03  SCV, Supply Depot  
  54  5:16  SCV x2, Marine x2, Raven  
  54  5:17  Engineering Bay  
  54  5:18  Engineering Bay  
  60  5:24  Siege Tank  
  60  5:27  Supply Depot  
  60  5:28  SCV x2, Supply Depot  
  65  5:33  Marine  
  65  5:34  Marine  
  67  5:39  Refinery  
  67  5:40  SCV x2  
  69  5:43  Barracks  
  69  5:46  Barracks  
  69  5:51  Marine  
  69  5:52  Marine  
  69  5:56  Siege Tank  
  74  5:59  SCV  
  74  6:03  Command Center  
  75  6:05  Terran Infantry Weapons Level 1  
  75  6:06  Terran Infantry Armor Level 1  
  75  6:10  SCV  
  76  6:16  Supply Depot  
  76  6:25  Viking  
  78  6:27  Marine  
  78  6:29  Viking, Siege Tank  
  78  6:32  SCV  
  85  6:36  Barracks Reactor  
  85  6:38  Barracks Reactor  
  85  6:42  SCV  
  85  6:44  SCV  
  87  6:48  Stimpack  
  87  6:59  Viking  
  89  7:02  Viking  
  91  7:11  SCV x2  
  91  7:14  Marine  
  91  7:15  Marine x3  
  97  7:18  Orbital Command, Supply Depot  
  97  7:19  Supply Depot  
  97  7:20  Marine, Siege Tank, Supply Depot  
  97  7:21  Supply Depot  
  98  7:23  SCV  
  98  7:28  SCV  
  100  7:31  Marine, Supply Depot  
  100  7:32  Supply Depot  
  100  7:33  Medivac, Marine x2  
  100  7:34  Medivac  
  100  7:35  SCV  
  108  7:48  Orbital Command  
  108  7:52  Marine x2  
  108  7:53  Marine x2  
  108  7:54  Marine  
  113  8:02  Barracks  
  113  8:03  Barracks  
  113  8:04  Armory  
  111  8:10  Siege Tank, Marine x3  
  111  8:11  Medivac, Marine  
  120  8:13  Medivac  
  120  8:18  SCV  
  123  8:20  Marine  
  124  8:27  Refinery  
  124  8:30  Marine x4  
  124  8:33  SCV  
  129  8:37  SCV  
  129  8:38  SCV, Marine  
  132  8:45  SCV  
  132  8:48  Marine x2  
  100  9:01  Marine x3  
  103  9:07  Marine x2  
  92  9:19  Marine x2  
  92  9:20  Terran Infantry Weapons Level 2, Terran Infantry Armor Level 2, Marauder  
  92  9:22  Barracks Tech Lab x2  
  92  9:23  Barracks  
  92  9:24  SCV x3, Barracks x2  
  93  9:25  Marine x2  
  93  9:27  Siege Tank  
  100  9:36  SCV x2  
  100  9:37  Medivac, Marine x2  
  100  9:38  Medivac  
  108  9:41  Marauder  
  108  9:42  Marine  
  108  9:43  Marine, Combat Shield  
  112  9:46  Concussive Shells  
  112  9:47  Marauder x2  
  112  9:52  SCV x2  
  118  9:53  SCV  
  118  9:54  Marine  
  118  9:55  Marine  
  121  10:00  Marine x2  
  121  10:02  Marauder  
  121  10:04  SCV x2  
  121  10:05  SCV  
  128  10:09  Marauder x2  
  128  10:11  Barracks Reactor  
  128  10:12  Marine x2, Barracks Reactor  
  128  10:13  Barracks Tech Lab  
  134  10:15  Medivac  
  134  10:16  SCV x2  
  134  10:17  SCV, Medivac  
  134  10:18  Marine x2  
  143  10:24  Terran Vehicle Weapons Level 1, Marauder  
  144  10:30  Marine x3, Marauder  
  149  10:36  Marine  
  149  10:39  Marine, Marauder  
  153  10:43  Command Center  
  153  10:44  Siege Tank  
  153  10:45  Marauder  
  153  10:47  SCV  
  153  10:48  SCV, Marine x2, Marauder  
  164  10:52  Supply Depot  
  164  10:53  Supply Depot  
  164  10:54  Marine  
  164  10:56  Marauder  
  167  10:57  Supply Depot  
  167  11:00  Supply Depot x2  
  167  11:01  Marauder  
  169  11:05  Marine x2  
  169  11:06  Marine  
  172  11:14  Marauder x2  
  172  11:17  Marine x2  
  172  11:18  Marine x2, Marauder  
  182  11:22  Marauder  
  182  11:24  Marine x4  
  188  11:35  Marauder x2  
  188  11:36  Starport Reactor, Marine x4  
  188  11:39  Marauder  
  166  12:09  Marine  
  166  12:10  Marine x6  
  166  12:11  Marauder x3  
  166  12:12  Marine x2  
  166  12:13  Medivac x2  
  166  12:14  SCV  
  186  12:16  Planetary Fortress, Refinery  
  176  12:27  Marine  
  167  12:30  Marine x3  
  167  12:31  Marauder  
  167  12:33  Starport  
  169  12:42  Refinery  
  173  12:47  Refinery  
Show
View Real Time Build Order
Export as new Build Order

Osiris Terran 

Build Orders: Hellion Opening, Reaper Expand, Mech 

Get SALT Encoding   

  12  0:00  SCV  
  13  0:13  SCV  
  14  0:17  Supply Depot  
  14  0:25  SCV  
  15  0:38  SCV  
  16  0:43  Barracks  
  16  0:50  SCV, Refinery  
  17  1:03  SCV  
  18  1:15  SCV  
  19  1:29  Orbital Command  
  19  1:41  Command Center  
  19  1:49  Reaper  
  19  1:52  Supply Depot  
  20  1:55  SCV  
  21  2:07  SCV  
  22  2:12  Factory  
  22  2:19  SCV  
  22  2:20  Refinery  
  23  2:26  Barracks Reactor  
  23  2:32  SCV  
  24  2:44  SCV  
  24  2:52  Orbital Command  
  24  2:56  SCV  
  25  2:59  Starport  
  25  3:08  SCV  
  25  3:09  Hellion  
  25  3:10  Hellion, Barracks Tech Lab  
  31  3:20  SCV  
  32  3:31  Hellion x2  
  35  3:39  SCV  
  35  3:41  Raven  
  36  3:43  Orbital Command  
  38  3:55  Hellion x2  
  42  4:05  SCV  
  43  4:12  SCV  
  43  4:16  Command Center  
  44  4:18  SCV  
  41  4:25  SCV, Refinery  
  41  4:26  Refinery  
  41  4:30  SCV  
  43  4:37  SCV  
  43  4:38  Viking  
  46  4:54  Supply Depot  
  46  4:55  Supply Depot  
  46  5:15  Viking  
  46  5:16  SCV x2, Siege Tank  
  46  5:20  Barracks Tech Lab  
  53  5:26  Factory  
  53  5:28  SCV  
  54  5:30  Viking  
  54  5:35  Orbital Command  
  56  5:39  SCV  
  57  5:43  SCV  
  57  5:49  Viking, Siege Tank  
  63  5:55  SCV  
  64  5:59  SCV, Supply Depot  
  64  6:00  SCV, Supply Depot  
  64  6:03  Viking  
  68  6:08  SCV  
  68  6:09  Barracks Reactor  
  69  6:12  Factory  
  69  6:15  SCV  
  69  6:16  SCV  
  71  6:19  Siege Tank, Infernal Pre-Igniter  
  71  6:21  SCV, Siege Tank  
  78  6:31  SCV  
  79  6:33  Viking, Orbital Command  
  79  6:34  Viking  
  79  6:35  SCV  
  84  6:53  Siege Tank  
  90  6:54  Siege Tank  
  90  6:57  SCV  
  90  6:58  SCV  
  90  6:59  SCV  
  93  7:09  Command Center  
  93  7:16  Refinery  
  93  7:17  SCV x2, Viking x2  
  93  7:18  Hellion, Supply Depot x2  
  101  7:23  Refinery  
  101  7:39  SCV x3, Siege Tank  
  101  7:40  Siege Tank, Hellion  
  112  7:55  SCV  
  112  7:56  Viking  
  112  7:57  Viking  
  117  8:11  Supply Depot  
  117  8:12  Siege Tank, Factory  
  124  8:13  Hellion x2, Supply Depot  
  124  8:14  Factory  
  124  8:21  Siege Tank  
  127  8:48  Viking x2, Siege Tank, Hellion x2  
  118  8:55  Orbital Command  
  113  8:56  Siege Tank  
  113  8:57  Factory Tech Lab  
  113  8:58  Factory Reactor  
  103  9:22  SCV  
  100  9:26  Siege Tank  
  100  9:27  Hellion x2  
  107  9:33  SCV  
  107  9:36  SCV  
  107  9:37  Orbital Command  
  109  9:39  SCV  
  109  9:44  Siege Tank, Hellion x2  
  109  9:45  SCV, Siege Tank  
  121  9:51  SCV, Hellion x2  
  121  9:52  SCV  
  127  9:54  Viking x2  
  127  9:57  Supply Depot  
  127  9:58  Supply Depot  
  131  10:01  SCV  
  131  10:03  SCV, Siege Tank  
  136  10:16  Hellion x4  
  136  10:19  Siege Tank x2  
  150  10:26  SCV  
  150  10:27  SCV  
  150  10:34  Armory  
  150  10:35  SCV  
  151  10:38  Siege Tank, Hellion x3  
  151  10:39  SCV x2, Hellion  
  151  10:40  Armory  
  164  11:01  Supply Depot x2  
  164  11:03  Supply Depot  
  164  11:22  Siege Tank  
  164  11:23  Viking x2, Siege Tank, Hellion x3  
  164  11:24  Siege Tank  
  164  11:25  Hellion  
  185  11:26  Command Center  
  185  11:37  Orbital Command  
  178  11:58  SCV  
  178  11:59  SCV  
  158  12:03  Siege Tank x2  
  158  12:04  Hellion x3  
  132  12:10  Siege Tank  
  135  12:17  Viking x2, Hellion  
  131  12:23  Orbital Command  
  125  12:49  Refinery  
Tags
 
Add a new tag
Caveats
  • Supply blocks, unpowered buildings, or Contaminate may cause inaccurate times.
  • Supply counts are checked every 10 seconds.